 Dungeon Crawl Stone Soup version 0.23.1 (webtiles) character file.

Game seed: 11665769354324259008

335 Borgoz the Sneak (level 6, -2/48 HPs)
             Began as a Ghoul Assassin on Mar 7, 2019.
             Killed from afar by an orc wizard (7 damage)
             ... with a magic dart
             ... on level 3 of the Dungeon.
             The game lasted 00:04:35 (2041 turns).

Borgoz the Sneak (Ghoul Assassin)                   Turns: 2041, Time: 00:04:36

Health: -2/48      AC: 10    Str: 15    XL:     6   Next: 53%
Magic:  5/5        EV: 11    Int:  7    God:
Gold:   121        SH:  0    Dex: 11    Spells: 5/5 levels left

rFire    . . .     SeeInvis .   j - +0 rapier
rCold    + . .     Gourm    .   (no shield)
rNeg     + + +     Faith    .   n - +0 ring mail
rPois    ∞         Spirit   .   h - +2 helmet
rElec    .         Reflect  .   d - +0 cloak
rCorr    .         Harm     .   i - +0 pair of gloves
MR       .....                  (no boots)
Stlth    +.........             (no amulet)
HPRegen  0.00/turn              (no ring)
MPRegen  0.09/turn              (no ring)

@: confused, rotting, slowed, very slow
A: rotting body, claws 1, carnivore, cold resistance 1, negative energy
resistance 3, inhibited regeneration, torment resistance, unbreathing
a: no special abilities


You were on level 3 of the Dungeon.
You were not hungry.

You visited 1 branch of the dungeon, and saw 3 of its levels.

You collected 121 gold pieces.

Inventory:

Hand Weapons
 b - a +0 blowgun
 j - a +0 rapier (weapon)
Missiles
 e - 8 poisoned needles
 f - 2 curare-tipped needles
Armour
 d - a +0 cloak (worn)
 h - a +2 helmet (worn)
 i - a +0 pair of gloves (worn)
 n - a +0 ring mail (worn)
Scrolls
 a - a scroll of fear {unknown}
 k - a scroll of immolation {unknown}
 l - a scroll of identify {unknown}
 m - 2 scrolls of teleportation {unknown}
Comestibles
 g - 2 rations


   Skills:
 - Level 2.2 Fighting
 * Level 4.4 Short Blades
 - Level 1.7 Throwing
 + Level 2.6 Armour
 + Level 2.8 Dodging
 - Level 4.4 Stealth


You had 5 spell levels left.
You didn't know any spells.
Your spell library was empty.

Dungeon Overview and Level Annotations

Branches:
Dungeon (3/15)

Altars:
Kikubaaqudgha
Sif Muna

Annotations:
D:3 Natasha


Innate Abilities, Weirdness & Mutations

Your body is rotting away.
You thrive on raw meat.
You are immune to poison.
You have sharp fingernails.
You are carnivorous and can eat meat at any time.
Your flesh is cold resistant. (rC+)
You are immune to negative energy. (rN+++)
You do not regenerate when monsters are visible.
You are immune to unholy pain and torment.
You can survive without breathing.


Message History

Natasha claws you but does no damage. Something hits you.
* * * LOW HITPOINT WARNING * * *
Okay, then.
There isn't anything to butcher here.
You aren't carrying any potions.
You're too confused!
You bump into the rock wall.
Natasha claws you.
* * * LOW HITPOINT WARNING * * *
You hear some strange, mumbled words.
Something tries to affect you, but you resist.
Natasha claws you but does no damage.
You hear some strange, mumbled words.
You are more confused.
You're too confused to move!
Natasha closely misses you. Something hits you but does no damage.
You hit something. Natasha misses you.
You hear some strange, mumbled words.
A magic dart appears from out of thin air!
The magic dart hits you!
You die...

### #.# ...
##.## ... #h#
#
##.###@###.#
........{%..#
###.######..#
..# ..# ..#
..# ..# ###


You could see Natasha.

Vanquished Creatures
  Sigmund (D:2)
  An orc wizard (D:3)
  Jessica (D:2)
  Terence (D:2)
  Natasha (D:3)
  Robin (D:2)
  An adder (D:2)
  2 dart slugs
  A leopard gecko (D:2)
  2 orcs
  A ball python (D:2)
  A giant cockroach (D:2)
  10 goblins
  9 hobgoblins
  5 kobolds
  A quokka (D:2)
  4 bats
  3 frilled lizards
  4 rats
50 creatures vanquished.

Notes
Turn   | Place    | Note
-------+----------+-------------------------------------------
     0 | D:1      | Borgoz the Ghoul Assassin began the quest for the Orb.
     0 | D:1      | Reached XP level 1. HP: 17/17 MP: 0/0
    95 | D:1      | Reached skill level 1 in Dodging
   120 | D:1      | Reached XP level 2. HP: 19/24 MP: 1/1
   699 | D:2      | Found an ancient bone altar of Kikubaaqudgha.
   701 | D:2      | Found a deep blue altar of Sif Muna.
   729 | D:2      | Noticed Sigmund
   750 | D:2      | Killed Sigmund
   750 | D:2      | Reached XP level 3. HP: 8/29 MP: 2/2
   750 | D:2      | Reached XP level 4. HP: 10/36 MP: 3/3
   750 | D:2      | Reached XP level 5. HP: 12/41 MP: 4/4
  1098 | D:2      | Noticed Jessica
  1134 | D:2      | Killed Jessica
  1344 | D:2      | Reached XP level 6. HP: 48/48 MP: 5/5
  1426 | D:2      | Noticed Robin
  1454 | D:2      | Killed Robin
  1723 | D:2      | Noticed Terence
  1736 | D:2      | Killed Terence
  1938 | D:3      | Noticed Natasha
  1951 | D:3      | Killed Natasha
  2028 | D:3      | Noticed Natasha
  2041 | D:3      | Killed from afar by an orc wizard

Skill      XL: |  1  2  3  4  5 |
---------------+----------------+-----
Dodging        | 1 2 |  2.8
Short Blades   | 2 3 4 |  4.4
Armour         | 2 |  2.6
Fighting       | |  2.2
Throwing       | |  1.7
Stealth        | |  4.4

Action                   |  1- 3 |  4- 6 || total
-------------------------+-------+-------++-------
Melee: Dagger            |    90 |    38 ||   128
       Rapier            |       |   135 ||   135
  Use: Potion            |     4 |       ||     4
 Stab: Sleeping          |     3 |     5 ||     8
  Eat: Chunk             |     4 |    10 ||    14
Armor: Robe              |    13 |     2 ||    15
       Ring mail         |       |    76 ||    76
Dodge: Dodged            |    44 |   118 ||   162
